 Dungeon Crawl Stone Soup version 0.31.0-11-ge490571c62 (webtiles) character file.

Game seed: 15115625741744774879

1388 qw the Skirmisher (level 8, 0/46 HPs)
             Began as a Deep Elf Hunter on Feb 3, 2024.
             Slain by a gnoll
             ... wielding a +0 flail
             ... led by a gnoll sergeant
              (3 damage)
             ... on level 6 of the Dungeon.
             The game lasted 00:00:58 (4548 turns).

qw the Skirmisher (Deep Elf Hunter)                 Turns: 4548, Time: 00:00:59

Health: 0/46       AC:  6    Str: 10    XL:     8   Next: 40%
Magic:  10/10      EV: 12    Int: 11    God:
Gold:   248        SH:  0    Dex: 18    Spells: 7/7 levels left

rFire   . . .        a - +1 shortbow (flame)
rCold   . . .        (shield currently unavailable)
rNeg    . . .        d - +0 ring mail
rPois   +            (no helmet)
rElec   .            p - scarf {repulsion}
rCorr   +            n - +0 pair of gloves
SInv    +            (no boots)
Will    .....        f - amulet of the Prince {RegenMP Slay+2}
Stlth   +            r - ring of Tempters {Fire rPois rCorr Int-4 SInv}
HPRegen 0.27/turn    k - ring of ice
MPRegen 0.52/turn

%: repel missiles
@: no status effects
A: no striking features
a: no special abilities


You were on level 6 of the Dungeon.
You visited 2 branches of the dungeon, and saw 7 of its levels.

You collected 383 gold pieces.
You spent 135 gold pieces at shops.


   Skills:
 - Level 3.3 Fighting
 + Level 12.9 Ranged Weapons
 - Level 1.2 Armour
 - Level 4.0 Dodging
 - Level 1.2 Stealth


You had 7 spell levels left.
You didn't know any spells.
Your spell library was empty.

Inventory:

Hand Weapons
 a - a +1 shortbow of flaming (weapon)
Armour
 d - a +0 ring mail (worn)
 i - a +0 cloak
 n - a +0 pair of gloves (worn)
 o - a +0 leather armour of poison resistance
 p - a scarf of repulsion (worn)
Jewellery
 f - the amulet of the Prince (around neck) {RegenMP Slay+2}
   (You found it on level 2 of the Dungeon)

   [amulet of magic regeneration]

   RegenMP:   It increases your rate of magic regeneration.
   Slay+2:    It affects your accuracy & damage with ranged weapons and melee
   (+2).
 k - a ring of ice (right hand)
 q - an amulet of faith
 r - the ring of Tempters (left hand) {Fire rPois rCorr Int-4 SInv}
   (You found it on level 5 of the Dungeon)

   [ring of fire]

   Fire:      It enhances your fire magic.
   Int-4:     It affects your intelligence (-4).
   rF+:       It protects you from fire.
   rC-:       It makes you vulnerable to cold.
   rPois:     It protects you from poison SInv: It lets you see invisible.
   rCorr:     It protects you from acid and corrosion.
Wands
 b - a wand of quicksilver (12)
 c - a wand of roots (14)
Scrolls
 l - 2 scrolls of identify
 s - a scroll of teleportation {unknown}
Potions
 e - 2 potions of curing
 g - 3 potions of enlightenment
 h - a potion of resistance
 j - a potion of might
 m - a potion of invisibility {unknown}

Dungeon Overview and Level Annotations

Branches:
Dungeon (6/15)             Temple (1/1) D:5

Altars:
Elyvilon
Fedhas
Gozag
Hepliaklqana
Kikubaaqudgha
Nemelex Xobeh
Qazlal
Ru
Sif Muna
Trog
Uskayaw
Wu Jian
Zin
The Shining One

Shops:
D:2 =   D:3 ?


Message History

An orc comes into view.
It is wielding a +2 short sword of protection.
The gnoll sergeant hits you with a +0 spear!
The gnoll hits you with a +0 flail!
You shoot an arrow.
The arrow closely misses the gnoll sergeant.
The gnoll sergeant barely misses you. The gnoll closely misses you.
You shoot an arrow. The arrow hits the gnoll sergeant.
The arrow burns the gnoll sergeant.
The gnoll sergeant is heavily wounded.
The gnoll sergeant hits you but does no damage.
The gnoll barely misses you.
You shoot an arrow.
The arrow hits the gnoll sergeant but does no damage.
The gnoll sergeant is heavily wounded.
You shoot an arrow. The arrow hits the gnoll sergeant.
The arrow burns the gnoll sergeant.
The gnoll sergeant is heavily wounded.
The gnoll barely misses you. The gnoll sergeant barely misses you.
You shoot an arrow. The arrow hits the gnoll sergeant!
The arrow burns the gnoll sergeant.
The gnoll sergeant is almost dead.
The gnoll hits you with a +0 flail.
The gnoll sergeant hits you with a +0 spear!
You shoot an arrow.
The arrow hits the gnoll sergeant but does no damage.
The gnoll sergeant is almost dead.
The gnoll sergeant closely misses you. The gnoll hits you with a +0 flail.
You shoot an arrow. The arrow hits the gnoll sergeant.
The arrow burns the gnoll sergeant.
The gnoll sergeant is almost dead.
The gnoll hits you but does no damage.
The gnoll sergeant hits you but does no damage.
You shoot an arrow. The gnoll sergeant blocks the arrow.
The gnoll hits you with a +0 flail.
The gnoll sergeant hits you with a +0 spear!
You shoot an arrow.
The arrow hits the gnoll sergeant but does no damage.
The gnoll sergeant is almost dead.
The gnoll sergeant closely misses you. The gnoll hits you with a +0 flail.
You die...

#####...# .....#...
.#...##........#
......+.........
.######.........
........##...... . .......
#...... .. o......
####.... ...#######g......
#...#### .........@g......
......##
........####..............
###................##.....
#####...................
###...................
#....###.........##...
#....# #.............#
#....# #.)....##......
#....# #.......#......


You could see a gnoll sergeant, a gnoll and an orc.

Vanquished Creatures
  Edmund (D:5)
  An ice beast (D:6)
  A sky beast (D:6)
  2 ogres (D:4)
  2 phantoms
  A bullfrog (D:6)
  2 scorpions
  3 bombardier beetles
  2 vampire bats (D:3)
  2 orc priests (D:4)
  3 iguanas
  3 orc wizards (D:4)
  6 gnolls
  4 adders
  2 ufetubi (D:5)
  3 dart slugs
  4 ribbon worms
  3 orcs
  4 bat skeletons (D:3)
  2 bat zombies (D:3)
  11 endoplasms
  5 giant cockroaches
  4 goblins
  8 hobgoblins
  4 jackals (D:2)
  2 quokkas
  6 ball pythons
  7 bats
  A frilled lizard (D:1)
  8 kobolds
  6 rats
113 creatures vanquished.

Notes
Turn   | Place    | Note
-------+----------+-------------------------------------------
     0 | D:1      | qw the Deep Elf Hunter began the quest for the Orb.
     0 | D:1      | Reached XP level 1. HP: 12/12 MP: 3/3
     0 | D:1      | 0 ||| qw: Version: 0.3-a-155-g5e7d8dd
     0 | D:1      | 0 ||| qw: Game counter: 3351
     0 | D:1      | 0 ||| qw: Melee chars always use a shield: true
     0 | D:1      | 0 ||| qw: God list: Okawaru
     0 | D:1      | 0 ||| qw: Allow faded altars: false
     0 | D:1      | 0 ||| qw: Do Orc after clearing Dungeon:15 true
     0 | D:1      | 0 ||| qw: Do second Lair branch before Depths: true
     0 | D:1      | 0 ||| qw: Lair rune preference: random
     0 | D:1      | 0 ||| qw: Goals: Normal
     0 | D:1      | 0 ||| PLANNING D:1-11
   220 | D:1      | Reached skill level 6 in Ranged Weapons
   220 | D:1      | Reached XP level 2. HP: 16/16 MP: 4/4
   483 | D:1      | Reached XP level 3. HP: 20/20 MP: 5/5
   682 | D:1      | 682 ||| UPGRADING to +0 ring mail.
   692 | D:1      | 692 ||| DROPPING +0 leather armour.
   693 | D:1      | 693 ||| UPGRADING to +0 cloak.
   698 | D:1      | 698 ||| READING 2 scrolls labelled POLED UQIKHIWUBB.
   698 | D:1      | 698 ||| IDENTIFYING bubbling yellow potion
   699 | D:1      | 699 ||| READING scroll of identify.
   699 | D:1      | 699 ||| IDENTIFYING lumpy emerald potion
   700 | D:1      | 700 ||| READING 3 scrolls labelled IMAYRUY VEIRGH.
   701 | D:1      | 701 ||| READING scroll labelled AMI XYRACZAB.
   701 | D:1      | 701 ||| ENCHANTING +0 shortbow.
   702 | D:1      | 702 ||| READING scroll labelled DOD JAKLAQOSUH.
   703 | D:1      | 703 ||| DROPPING scroll of butterflies.
   704 | D:1      | 704 ||| DROPPING 2 scrolls of poison.
   706 | D:1      | 706 ||| Stepping ~*~*~tactically~*~*~ (cloud).
   707 | D:1      | 707 ||| DRINKING potion of curing.
   707 | D:1      | 707 ||| (to cure poison)
   814 | D:2      | Found Icwebe's Jewellery Boutique.
   822 | D:2      | 822 ||| SHOPLISTING amulet "Sejefu" {rElec Regen+} (484
                  | gold, have 29).
   822 | D:2      | 822 ||| SHOPLISTING amulet of guardian spirit (330 gold,
                  | have 29).
   822 | D:2      | 822 ||| SHOPLISTING ring of protection from cold (275 gold,
                  | have 29).
   981 | D:2      | Reached skill level 7 in Ranged Weapons
  1067 | D:2      | Identified the amulet of the Prince {RegenMP Slay+2}
  1455 | D:2      | 1455 ||| UPGRADING to amulet of the Prince {RegenMP
                  | Slay+2}.
  1460 | D:2      | 1460 ||| READING 2 scrolls of identify.
  1460 | D:2      | 1460 ||| IDENTIFYING smoky silvery potion
  1461 | D:2      | 1461 ||| READING scroll of identify.
  1461 | D:2      | 1461 ||| IDENTIFYING blue potion
  1462 | D:2      | 1462 ||| READING scroll labelled ILIYKHL UVVAF.
  1614 | D:3      | Found an ancient bone altar of Kikubaaqudgha.
  1618 | D:3      | Reached XP level 4. HP: 22/25 MP: 6/6
  1628 | D:3      | Reached skill level 8 in Ranged Weapons
  1628 | D:3      | Reached XP level 5. HP: 27/29 MP: 7/7
  1706 | D:3      | Found a stormy altar of Qazlal.
  1706 | D:3      | Found a shimmering blue altar of Sif Muna.
  1788 | D:3      | Found Kuin's Magic Scroll Emporium.
  1797 | D:3      | 1797 ||| BUYING scroll of brand weapon (95 gold).
  1797 | D:3      | Bought a scroll of brand weapon for 95 gold pieces
  1797 | D:3      | 1797 ||| BUYING scroll of identify (20 gold).
  1797 | D:3      | Bought a scroll of identify for 20 gold pieces
  1797 | D:3      | 1797 ||| BUYING scroll of identify (20 gold).
  1797 | D:3      | Bought a scroll of identify for 20 gold pieces
  1797 | D:3      | 1797 ||| SHOPLISTING scroll of identify (20 gold, have 10).
  1797 | D:3      | 1797 ||| READING scroll of brand weapon.
  1797 | D:3      | 1797 ||| BRANDING +1 shortbow.
  2200 | D:3      | Found a glowing golden altar of the Shining One.
  2343 | D:3      | 2343 ||| READING 2 scrolls of identify.
  2343 | D:3      | 2343 ||| IDENTIFYING fizzy orange potion
  2344 | D:3      | 2344 ||| READING scroll of identify.
  2344 | D:3      | 2344 ||| IDENTIFYING 2 puce potions
  2345 | D:3      | 2345 ||| READING scroll labelled ASEF BI BUIGA.
  2346 | D:3      | 2346 ||| READING scroll labelled BUUNLAK RUIBB.
  2347 | D:3      | 2347 ||| READING scroll labelled OWOOCA DUYBRODEX.
  2448 | D:3      | 2448 ||| DROPPING potion of brilliance.
  2449 | D:3      | 2449 ||| DROPPING 2 potions of degeneration.
  2495 | D:4      | Noticed a phantom
  2508 | D:4      | Killed a phantom
  2509 | D:4      | Reached skill level 9 in Ranged Weapons
  2509 | D:4      | 2509 ||| FLEEEEING.
  2510 | D:4      | 2510 ||| FLEEEEING.
  2511 | D:4      | 2511 ||| FLEEEEING.
  2512 | D:4      | 2512 ||| FLEEEEING.
  2513 | D:4      | 2513 ||| STAIRDANCE
  2542 | D:4      | Reached XP level 6. HP: 35/35 MP: 8/8
  2610 | D:4      | Found an ornate altar of the Wu Jian Council.
  2674 | D:4      | Reached skill level 10 in Ranged Weapons
  2693 | D:4      | Found a sparkling altar of Nemelex Xobeh.
  2735 | D:4      | 2735 ||| FLEEEEING.
  2737 | D:4      | 2737 ||| FLEEEEING.
  2747 | D:4      | Reached skill level 3 in Dodging
  2841 | D:4      | Reached skill level 1 in Armour
  2847 | D:4      | Reached XP level 7. HP: 37/40 MP: 9/9
  3244 | D:4      | 3244 ||| DROPPING amulet of the acrobat.
  3253 | D:5      | Entered Level 5 of the Dungeon
  3257 | D:5      | Reached skill level 11 in Ranged Weapons
  3328 | D:5      | Found a hide-covered altar of Uskayaw.
  3403 | D:5      | Found a staircase to the Ecumenical Temple.
  3404 | D:5      | 3404 ||| PLANNING TEMPLE
  3416 | Temple   | Entered the Ecumenical Temple
  3417 | Temple   | 3417 ||| PLANNING D:1-11
  3443 | D:5      | 3443 ||| FLEEEEING.
  3444 | D:5      | 3444 ||| FLEEEEING.
  3445 | D:5      | 3445 ||| FLEEEEING.
  3446 | D:5      | 3446 ||| FLEEEEING.
  3447 | D:5      | 3447 ||| FLEEEEING.
  3448 | D:5      | 3448 ||| FLEEEEING.
  3449 | D:5      | 3449 ||| FLEEEEING.
  3450 | D:5      | 3450 ||| FLEEEEING.
  3451 | D:5      | 3451 ||| FLEEEEING.
  3452 | D:5      | 3452 ||| FLEEEEING.
  3453 | D:5      | 3453 ||| FLEEEEING.
  3454 | D:5      | 3454 ||| FLEEEEING.
  3455 | D:5      | 3455 ||| FLEEEEING.
  3457 | D:5      | 3457 ||| FLEEEEING.
  3458 | D:5      | 3458 ||| FLEEEEING.
  3459 | D:5      | 3459 ||| FLEEEEING.
  3460 | D:5      | 3460 ||| FLEEEEING.
  3461 | D:5      | 3461 ||| FLEEEEING.
  3609 | D:5      | Noticed Edmund
  3618 | D:5      | Killed Edmund
  3619 | D:5      | Reached skill level 12 in Ranged Weapons
  4006 | D:5      | Identified the ring of Tempters {Fire rPois rCorr Int-4
                  | SInv}
  4028 | D:5      | Reached XP level 8. HP: 45/45 MP: 10/10
  4071 | D:5      | 4071 ||| UPGRADING to +0 pair of gloves.
  4076 | D:5      | 4076 ||| UPGRADING to +0 leather armour of poison
                  | resistance.
  4086 | D:5      | 4086 ||| UPGRADING to scarf of repulsion.
  4096 | D:5      | 4096 ||| DROPPING amulet of magic regeneration.
  4097 | D:5      | 4097 ||| DROPPING ring of wizardry.
  4098 | D:5      | 4098 ||| UPGRADING to ring of Tempters {Fire rPois rCorr
                  | Int-4 SInv}.
  4099 | D:5      | 4099 ||| UPGRADING to +0 ring mail.
  4109 | D:5      | 4109 ||| UPGRADING to ring of ice.
  4161 | D:6      | Reached skill level 3 in Fighting
  4527 | D:6      | 4527 ||| RETREEEEATING.
  4545 | D:6      | HP: 11/46 [gnoll/+0 flail[a gnoll sergeant] (1)]
  4547 | D:6      | HP: 3/46 [gnoll sergeant/+0 spear (7)]
  4548 | D:6      | Slain by a gnoll

Levels and vault maps discovered:
D:1:      minmay_arrival_nine_rooms, layout_loops_ring
D:2:      layout_basic, serial_shops, nicolae_shop_competitors_out_of_business,
          nicolae_wormholes
D:3:      layout_loops_corners, kennysheep_vampire_church, old_standard_altar,
          gammafunk_temple_overflow_pools, serial_shops,
          nicolae_shop_gibbet_a_chance, minmay_close_crescents
D:4:      layout_loops_ring, lemuel_crystal_altar, nicolae_wu_jian_wuxing_cycle,
          nicolae_titane
D:5:      layout_basic, mainiacjoe_overflow_boulevard,
          minmay_temple_entry_gardened_gates, uniq_edmund
D:6:      layout_basic, led_xom_imps, vehumet_crystals, roderic_serpentine_path,
          st_stairs_7
Temple:   hellmonk_temple_of_storms

Skill      XL: |  1  2  3  4  5  6  7  8 |
---------------+-------------------------+-----
Ranged Weapons | 6 7 8 9 10 12 | 12.9
Fighting       | 2 3 |  3.3
Dodging        | 3 4 |  4.0
Armour         | 1 |  1.2
Stealth        | |  1.2

Action                     |  1- 3 |  4- 6 |  7- 9 || total
---------------------------+-------+-------+-------++-------
   Fire: Shortbow          |   117 |    89 |   139 ||   345
    Use: Scroll            |     8 |     6 |       ||    14
         Potion            |     1 |       |       ||     1
 Armour: Leather armour    |     5 |       |       ||     5
         Ring mail         |    28 |    16 |    32 ||    76
  Dodge: Dodged            |    53 |    11 |    30 ||    94

Table legend:
 A = Non-vault XP
 B = Vault XP
 C = Vault XP percentage of total XP
 D = Non-vault monster count
 E = Vault monster count
 F = Vault count percentage of total count
                 A         B        C        D         E       F
            +---------+---------+-------+---------+---------+-------
      Total |    1601 |     383 |  19.3 |     100 |      13 |  11.5
            +---------+---------+-------+---------+---------+-------
        D:1 |      45 |       0 |   0.0 |      25 |       0 |   0.0
        D:2 |      28 |       8 |  22.2 |      16 |       2 |  11.1
        D:3 |      34 |     124 |  78.5 |      14 |       9 |  39.1
        D:4 |     699 |       0 |   0.0 |      24 |       0 |   0.0
        D:5 |     375 |     171 |  31.3 |      12 |       1 |   7.7
        D:6 |     420 |      80 |  16.0 |       9 |       1 |  10.0
            +---------+---------+-------+---------+---------+-------
